 Dungeon Crawl Stone Soup version 0.29.0-10-g45618ea6d2 (webtiles) character file.

Game seed: 8670479400357240683

1295 mtoz the Chopper (level 8, -3/109 HPs)
             Began as a Minotaur Berserker on Sept 1, 2022.
             Was a Priest of Trog.
             Slain by a gnoll bouda
             ... wielding a +2 whip of electrocution
              (7 damage)
             ... on level 6 of the Dungeon.
             The game lasted 00:10:24 (5246 turns).

mtoz the Chopper (Minotaur Berserker)               Turns: 5246, Time: 00:10:24

Health: -3/109     AC:  9    Str: 23    XL:     8   Next: 30%
Magic:  7/7        EV: 11    Int:  4    God:    Trog [***...]
Gold:   265        SH:  0    Dex: 17    Spells: 7/7 levels left

rFire   . . .      SeeInvis .   D - +1 hand axe (vorpal)
rCold   . . .      Faith    .   (no shield)
rNeg    . . .      Spirit   .   l - +0 chain mail
rPois   .          Reflect  .   (helmet restricted)
rElec   .          Harm     .   s - +2 cloak
rCorr   .          Rampage  .   (no gloves)
Will    ++...                   (no boots)
Stlth   ..........              (no amulet)
HPRegen 1.28/turn               f - +6 ring of dexterity
MPRegen 0.10/turn               (no ring)

@: berserking, weakened, strong-willed, corroded, regenerating, very quick
A: horns 2, retaliatory headbutt
a: Renounce Religion, Berserk, Trog's Hand


You were on level 6 of the Dungeon.
You worshipped Trog.
Trog was most pleased with you.
You visited 1 branch of the dungeon, and saw 6 of its levels.

You collected 265 gold pieces.

Inventory:

Hand Weapons
 a - a +0 hand axe
 b - a +0 mace
 D - a +1 vorpal hand axe (weapon)
 E - a +0 flail
Armour
 l - a +0 chain mail (worn)
 s - a +2 cloak (worn)
Jewellery
 f - a +6 ring of dexterity (left hand)
 o - a ring of flight
 u - a ring of magical power
 v - a +4 ring of protection
 G - the amulet of Waroxapn {Spirit Slay+3}
   (You found it on level 6 of the Dungeon)

   [amulet of guardian spirit]

   It causes incoming damage to be divided between your reserves of health and
   magic.
   Slay:      It affects your accuracy & damage with ranged weapons and melee
   (+3).
Scrolls
 c - 3 scrolls of teleportation
 e - 3 scrolls of poison {unknown}
 g - a scroll of noise {unknown}
 h - a scroll of magic mapping {unknown}
 k - a scroll of summoning {unknown}
 n - 2 scrolls of vulnerability {unknown}
 p - 3 scrolls of enchant armour {unknown}
 t - a scroll of torment {unknown}
 x - 3 scrolls of fear {unknown}
 y - 2 scrolls of fog {unknown}
 I - 2 scrolls of identify
Potions
 d - a potion of ambrosia
 i - 3 potions of lignification
 j - a potion of mutation
 m - a potion of resistance {unknown}
 q - 2 potions of magic {unknown}
 r - 2 potions of cancellation {unknown}
 w - 3 potions of attraction {unknown}
 z - 2 potions of flight {unknown}
 A - a potion of brilliance {unknown}
 B - 2 potions of heal wounds {unknown}
 C - 3 potions of curing {unknown}
 F - 2 potions of haste
 H - a potion of invisibility {unknown}


   Skills:
 + Level 7.0 Fighting
 + Level 7.0 Axes
 + Level 6.5 Armour
 + Level 5.9 Dodging


You had 7 spell levels left.
You didn't know any spells.
Your spell library was empty.

Dungeon Overview and Level Annotations

Branches:
Dungeon (6/15)
 Temple: D:4-7

Altars:
Cheibriados
Trog
Uskayaw
Vehumet


Innate Abilities, Weirdness & Mutations

You have a pair of horns on your head.
You reflexively headbutt those who attack you in melee.


Message History

The gnoll hits you but does no damage. The gnoll barely misses you.
The gnoll bouda barks out a call to the hunt!
The gnoll picks up the pace!
The white imp hits you but does no damage.
Your skin crawls.
You feel strong-willed.
The gnoll hits you from afar with a +0 spear.
* * * LOW HITPOINT WARNING * * *
The gnoll misses you. The gnoll barely misses you.
The white imp gestures at you. The puff of frost hits you.
* * * LOW HITPOINT WARNING * * *
The gnoll bouda calls upon its god to heal the gnoll.
The gnoll is healed somewhat.
A red film seems to cover your vision as you go berserk!
You feel yourself moving faster!
You feel mighty!
The gnoll is no longer moving quickly. x2
The gnoll hits you but does no damage. The gnoll closely misses you.
The gnoll hits you from afar with a +0 halberd.
* * * LOW HITPOINT WARNING * * *
The gnoll bouda closely misses you. The white imp gestures at you.
The puff of frost hits you.
* * * LOW HITPOINT WARNING * * *
You slash the gnoll!
The gnoll is almost dead.
You hit the white imp. You hit the gnoll bouda. The gnoll closely misses you.
You hit the gnoll.
You kill the gnoll!
Trog accepts your kill.
You hit the white imp.
You hit the gnoll bouda but do no damage.
The gnoll throws a throwing net.
The throwing net closely misses you. The white imp gestures at you.
The puff of frost hits you!
* * * LOW HITPOINT WARNING * * *
The gnoll bouda gazes fiercely through you!
You feel as though you will be weak longer.
The gnoll bouda hits you with a +2 whip of electrocution!
You die...

##..# .# #..## ..# ##..#
...## #..## .....# ##..#
# ......# #...# ###
.......## ##..####..
...<..g.## #...###...
......)@.## ##...#.....
.....g5#..####.........)
.....g###.......###.....
.....# ###....## ##....
....# ##......## ##..#
..). ##>.......#######
... ##...........# ..
##............##
##..............#


You could see a gnoll bouda, 2 gnolls and a white imp.

Vanquished Creatures
  Eustachio (D:4)
  2 water moccasins (D:5)
  A black bear (D:5)
  A scorpion (D:5)
  2 howler monkeys
  3 jellies
  Crazy Yiuf (D:2)
  2 hounds
  5 iguanas
  4 orc wizards (D:4)
  Robin (D:2)
  7 gnolls
  5 adders
  A shadow imp (D:5)
  2 white imps (D:5)
  A worm (D:3)
  3 dart slugs
  21 orcs
  7 ball pythons
  5 bats
  6 endoplasms
  5 giant cockroaches
  24 goblins
  9 hobgoblins
  7 jackals
  16 kobolds
  6 quokkas
  3 frilled lizards
  6 rats
157 creatures vanquished.

Vanquished Creatures (others)
  A plant (D:5)
1 creature vanquished.

Grand Total: 158 creatures vanquished

Notes
Turn   | Place    | Note
-------+----------+-------------------------------------------
     0 | D:1      | mtoz the Minotaur Berserker began the quest for the Orb.
     0 | D:1      | Reached XP level 1. HP: 19/19 MP: 0/0
   301 | D:1      | Reached XP level 2. HP: 23/27 MP: 1/1
   934 | D:1      | Reached XP level 3. HP: 32/33 MP: 2/2
  1175 | D:2      | Noticed Robin
  1181 | D:2      | Killed Robin
  1296 | D:2      | Reached ** piety under Trog
  1420 | D:2      | Found a faded altar of an unknown god.
  1519 | D:2      | Found a radiant altar of Vehumet.
  1814 | D:2      | Found a runed translucent door.
  1815 | D:2      | Noticed Crazy Yiuf
  1869 | D:2      | Killed Crazy Yiuf
  1870 | D:2      | Reached XP level 4. HP: 29/41 MP: 3/3
  2712 | D:4      | Reached XP level 5. HP: 33/47 MP: 4/4
  2911 | D:4      | Found a snail-covered altar of Cheibriados.
  2950 | D:4      | Noticed Eustachio
  2993 | D:4      | Killed Eustachio
  2994 | D:4      | Reached skill level 5 in Fighting
  2994 | D:4      | Reached skill level 5 in Axes
  2994 | D:4      | Reached XP level 6. HP: 33/56 MP: 5/5
  3288 | D:4      | Reached skill level 5 in Armour
  3358 | D:4      | Reached XP level 7. HP: 59/61 MP: 6/6
  3543 | D:4      | Reached *** piety under Trog
  3881 | D:5      | Entered Level 5 of the Dungeon
  4022 | D:5      | Found a bloodstained altar of Trog.
  4033 | D:5      | Found a radiant altar of Vehumet.
  4033 | D:5      | Found a hide-covered altar of Uskayaw.
  4103 | D:5      | Reached skill level 5 in Dodging
  4434 | D:5      | Reached XP level 8. HP: 67/71 MP: 7/7
  5020 | D:6      | Identified the amulet of Waroxapn {Spirit Slay+3}
  5246 | D:6      | HP: 4/109 [white imp/puff of frost (11)]
  5246 | D:6      | Slain by a gnoll bouda

Illustrated notes

Levels and vault maps discovered:
D:1:      dpeg_arrival_rooms_c, layout_basic, st_stairs_11
D:2:      layout_loops_ring, basic_altar, basic_ecumenical_altar,
          kennysheep_generic_room_9, uniq_robin, uniq_crazy_yiuf_cottage
D:3:      layout_basic, serial_aquarium, aquarium_bridge_long_joined
          [aquarium_subvault_wall, aquarium_subvault_bridge,
          aquarium_subvault_bridge, aquarium_subvault_window,
          aquarium_subvault_window, aquarium_subvault_window],
          aquarium_bridge_square [aquarium_subvault_wall,
          aquarium_subvault_balcony, aquarium_subvault_bridge,
          aquarium_subvault_bridge], aquarium_window_corner, aquarium_window_2,
          aquarium_window_1, aquarium_window_corner, aquarium_view_2e,
          aquarium_view_2f, aquarium_balcony_double_2,
          chequers_serial_rivers_micro_e, chequers_serial_rivers_micro_a,
          minmay_vboxes
D:4:      corexii_shantytown, layout_basic, cheibriados_altar_1, uniq_eustachio
D:5:      layout_gridville, gammafunk_temple_overflow_forgotten
D:6:      layout_cave_pods

Skill      XL: |  1  2  3  4  5  6  7  8 |
---------------+-------------------------+-----
Axes           | 4 5 6 7 |  7.0
Armour         | 3 4 5 6 |  6.5
Fighting       | 4 5 6 7 |  7.0
Dodging        | 3 4 5 |  5.9

Action                   |  1- 3 |  4- 6 |  7- 9 || total
-------------------------+-------+-------+-------++-------
Melee: Hand axe          |   105 |   108 |   158 ||   371
       Headbutt          |     5 |    20 |    24 ||    49
       Punch             |       |     1 |     2 ||     3
Invok: Trog's Hand       |     1 |     4 |     4 ||     9
       Berserk           |     1 |     2 |     2 ||     5
  Use: Scroll            |     1 |     3 |       ||     4
Armor: Animal skin       |    18 |       |       ||    18
       Leather armour    |     2 |       |       ||     2
       Chain mail        |    22 |   128 |    81 ||   231
Dodge: Dodged            |    60 |   103 |    99 ||   262
